 Dungeon Crawl Stone Soup version 0.24-a0-235-g3f03afc (webtiles) character file.

Game seed: 12143103959710196099

2411 Gunnerkreig the Conjurer (level 9, -4/74 HPs)
             Began as a Pale Draconian Wizard on Apr 8, 2019.
             Was an Initiate of Vehumet.
             Slain by a komodo dragon (30 damage)
             ... on level 8 of the Dungeon.
             The game lasted 00:26:15 (10103 turns).

Gunnerkreig the Conjurer (Pale Draconian Wizard)   Turns: 10103, Time: 00:26:16

Health: -4/74      AC: 14    Str: 10      XL:     9   Next: 23%
Magic:  15/16      EV: 13    Int: 26      God:    Vehumet [......]
Gold:   241        SH:  4    Dex:  9 (10) Spells: 7/18 levels left

rFire    + . .     SeeInvis .   d - +3 trident (protect)
rCold    + . .     Gourm    .   n - +0 buckler
rNeg     . . .     Faith    .   (armour unavailable)
rPois    .         Spirit   .   a - +0 hat
rElec    .         Reflect  .   i - scarf {repulsion}
rCorr    .         Harm     .   (no gloves)
MR       .....                  (no boots)
Stlth    ++........             F - amulet of magic regeneration
HPRegen  0.22/turn              A - ring of protection from cold
MPRegen  0.40/turn              g - ring "Couda" {+Inv rF+ Int+5}

@: protection aura, repel missiles
A: breathe steam, unfitting armour, cold-blooded, AC +7
a: Breathe Steam, Renounce Religion, Evoke Invisibility


You were on level 8 of the Dungeon.
You worshipped Vehumet.
Vehumet was noncommittal.
You were hungry.

You visited 2 branches of the dungeon, and saw 9 of its levels.

You collected 337 gold pieces.
You spent 96 gold pieces at shops.

Inventory:

Hand Weapons
 d - a +3 trident of protection (weapon)
 v - a +3 dagger of venom
 H - the +7 war axe "Kiech" {speed, MR+ Str-3 Int+8 Dex-2}
   (You found it on level 6 of the Dungeon)

   Attacks with this weapon are significantly faster.
   It affects your strength (-3).
   It affects your intelligence (+8).
   It affects your dexterity (-2).
   It affects your resistance to hostile enchantments.
Missiles
 j - 6 javelins (quivered)
Armour
 a - a +0 hat (worn)
 i - a scarf of repulsion (worn)
 n - a +0 buckler (worn)
Jewellery
 g - the ring "Couda" (right hand) {+Inv rF+ Int+5}
   (You found it on level 7 of the Dungeon)

   [ring of protection from fire]

   It affects your intelligence (+5).
   It protects you from fire.
   It lets you turn invisible.
 A - a ring of protection from cold (left hand)
 F - an amulet of magic regeneration (around neck)
Wands
 p - a wand of paralysis (5)
 y - a wand of digging (7)
Scrolls
 k - 6 scrolls of remove curse
 m - a scroll of magic mapping
 t - 3 scrolls of amnesia
 z - 4 scrolls of teleportation
Potions
 b - 3 potions of curing
 e - a potion of berserk rage
 f - a potion of brilliance {unknown}
 h - a potion of invisibility
 l - a potion of flight
 o - a potion of heal wounds
 q - 2 potions of might
 r - a potion of degeneration {unknown}
 s - a potion of haste
 x - a potion of mutation
 B - a potion of magic
 D - a potion of cancellation {unknown}
Comestibles
 c - 13 rations


   Skills:
 + Level 5.3 Fighting
 + Level 4.8 Dodging
 - Level 2.0 Stealth
 - Level 4.1 Shields
 + Level 5.2 Spellcasting
 + Level 6.4 Conjurations
 - Level 1.0 Summonings
 - Level 1.0 Translocations
 - Level 3.0 Fire Magic
 - Level 3.0 Air Magic
 - Level 1.1 Poison Magic


You had 7 spell levels left.
You knew the following spells:

 Your Spells              Type           Power        Failure   Level  Hunger
a - Magic Dart            Conj           ####         1%          1    None
b - Conjure Flame         Conj/Fire      ####....     3%          3    #......
c - Mephitic Cloud        Conj/Pois/Air  ####....     5%          3    #......
w - Call Imp              Summ           ##......     8%          2    None
y - Blink                 Tloc           N/A          8%          2    None

Your spell library contained the following spells:

 Spells                   Type           Power        Failure   Level  Hunger
 Slow                     Hex            #.......     12%         2    None


Dungeon Overview and Level Annotations

Branches:
Dungeon (8/15)             Temple (1/1) D:6
   Lair: D:8-11

Altars:
Ashenzari
Cheibriados
Dithmenos
Fedhas
Gozag
Hepliaklqana
Kikubaaqudgha
Makhleb
Nemelex Xobeh
Okawaru
Qazlal
Ru
Sif Muna
Trog
Uskayaw
Vehumet
Wu Jian
Xom
Yredelemnul
The Shining One

Shops:
D:5 (   D:7 (*   D:8 [


Innate Abilities, Weirdness & Mutations

You can breathe blasts of scalding, opaque steam.
Your pale cyan-grey scales are hard. (AC +7)
You cannot fit into any form of body armour.
You are cold-blooded and may be slowed by cold attacks.


Message History

Aiming: Conjure Flame (safe; 3% risk of failure)
Press: ? - help, Dir - move target cursor, p - komodo dragon The fire ignites!
Attack whom?
Press: ? - help, Dir - move target cursor, f - komodo dragon
Aim: a komodo dragon You reach to attack!
You closely miss the komodo dragon.
The komodo dragon is engulfed in blazing flames.
The komodo dragon bites you!!
You hear a bark!
You barely miss the komodo dragon.
The komodo dragon is moderately wounded.
The komodo dragon is engulfed in blazing flames.
The komodo dragon bites you!!
You hit the komodo dragon but do no damage.
Your weapon exudes an aura of protection.
The komodo dragon is heavily wounded.
The komodo dragon is engulfed in blazing flames.
The komodo dragon bites you!!
You die...

#........# # +........ #.
#....... #.. #.....###
#... #.......##
#....###### #.._.....#
#......###.......######
#......#.........##...#
#......l@...##...##...#
#......#..............#
#......#..............+
#......#..####...##...#
#......#..# #...##...#
#......#..# .....##...###
#......#..#...(..'....#..
#......#..#......#....'..
+......# #......#....#..


You could see a komodo dragon.

Vanquished Creatures
  2 hippogriffs (D:7)
  Sigmund (D:3)
  A water moccasin (D:7)
  An orc warrior (D:8)
  2 sky beasts
  2 black bears (D:8)
  An ogre (D:4)
  A phantom (D:4)
  A centaur (D:5)
  2 electric eels (D:7)
  2 crimson imps (D:6)
  A quasit (D:8)
  5 hounds
  2 orc priests
  A centaur skeleton (D:8)
  Jessica (D:3)
  A bullfrog skeleton (D:8)
  2 iguanas
  7 orc wizards
  4 worker ants
  3 hound skeletons
  A gnoll (D:6)
  A worker ant zombie (D:2)
  11 adders
  4 shadow imps
  2 oozes
  3 adder skeletons
  2 worms (D:2)
  2 dart slugs
  2 leopard geckos
  27 orcs
  3 bats
  6 giant cockroaches
  7 goblins
  9 hobgoblins
  2 jackals (D:5)
  3 quokkas
  A ball python (D:2)
  4 frilled lizards
  A jackal skeleton (D:4)
  8 kobolds
  A quokka skeleton (D:4)
  5 rats
148 creatures vanquished.

Vanquished Creatures (others)
  8 plants (D:8)
8 creatures vanquished.

Grand Total: 156 creatures vanquished

Notes
Turn   | Place    | Note
-------+----------+-------------------------------------------
     0 | D:1      | Gunnerkreig the Draconian Wizard began the quest for the
                  | Orb.
     0 | D:1      | Reached XP level 1. HP: 14/14 MP: 4/4
   853 | D:1      | Reached XP level 2. HP: 20/20 MP: 3/6
   926 | D:1      | Reached skill level 2 in Conjurations
  1577 | D:2      | Reached XP level 3. HP: 26/26 MP: 2/7
  1719 | D:2      | Reached skill level 3 in Conjurations
  1782 | D:2      | Learned a level 3 spell: Conjure Flame
  1786 | D:2      | Learned a level 3 spell: Mephitic Cloud
  2686 | D:2      | Reached skill level 1 in Shields
  2728 | D:2      | Reached XP level 4. HP: 33/33 MP: 1/8
  3148 | D:3      | Learned a level 2 spell: Blink
  3177 | D:3      | Noticed Jessica
  3184 | D:3      | Killed Jessica
  3428 | D:3      | Noticed Sigmund
  3446 | D:3      | Killed Sigmund
  3446 | D:3      | Reached skill level 1 in Fighting
  3446 | D:3      | Reached skill level 4 in Conjurations
  3446 | D:3      | Reached skill level 1 in Fire Magic
  3446 | D:3      | Reached skill level 1 in Air Magic
  3446 | D:3      | Reached skill level 1 in Poison Magic
  3446 | D:3      | Reached XP level 5. HP: 24/40 MP: 0/9
  3446 | D:3      | Reached XP level 6. HP: 28/47 MP: 0/10
  4405 | D:4      | Learned a level 2 spell: Call Imp
  4654 | D:4      | Your scales start taking on a pale cyan-grey colour.
  4654 | D:4      | Reached XP level 7. HP: 51/56 MP: 4/11
  5380 | D:5      | Entered Level 5 of the Dungeon
  6009 | D:5      | Found Xoeblumid's Antique Weapon Boutique.
  6373 | D:6      | Got a fine war axe
  6377 | D:6      | Identified the +7 war axe "Kiech" {speed, MR+ Str-3 Int+8
                  | Dex-2} (You found it on level 6 of the Dungeon)
  6413 | D:6      | Found a staircase to the Ecumenical Temple.
  6421 | D:6      | Found a sparkling altar of Nemelex Xobeh.
  6735 | D:6      | Reached XP level 8. HP: 61/63 MP: 13/13
  6834 | D:6      | Reached skill level 5 in Conjurations
  6905 | D:6      | Found a blossoming altar of Fedhas.
  7058 | D:6      | Found an ancient bone altar of Kikubaaqudgha.
  7172 | D:6      | Found a shattered altar of Ashenzari.
  7179 | D:6      | Found a deep blue altar of Sif Muna.
  7181 | D:6      | Found a stormy altar of Qazlal.
  7367 | Temple   | Entered the Ecumenical Temple
  7496 | Temple   | Became a worshipper of Vehumet
  7588 | D:7      | Found Duddet's Assorted Antiques.
  7641 | D:7      | Bought a scroll labeled LESHRY ZUNTANG for 32 gold pieces
  7641 | D:7      | Bought a scroll labeled FOSYVIDIASO for 32 gold pieces
  7641 | D:7      | Bought a scroll labeled XOOTUX FATOFY for 32 gold pieces
  7648 | D:7      | Noticed a hippogriff
  7657 | D:7      | Killed a hippogriff
  7787 | D:7      | Noticed a hippogriff
  7798 | D:7      | Killed a hippogriff
  8328 | D:7      | Found Itoxax's Antique Weapon Shoppe.
  8767 | D:7      | Reached skill level 6 in Conjurations
  8808 | D:7      | Got a fine glass ring
  8809 | D:7      | Identified the ring "Couda" {+Inv rF+ Int+5} (You found it
                  | on level 7 of the Dungeon)
  9054 | D:8      | Reached XP level 9. HP: 70/73 MP: 14/16
  9078 | D:8      | Found Uxza Nur's Armour Shoppe.
  9081 | D:8      | Reached skill level 5 in Spellcasting
  9259 | D:8      | Reached skill level 5 in Fighting
  9962 | D:8      | Found a burning altar of Makhleb.
 10094 | D:8      | Noticed a komodo dragon
 10103 | D:8      | Slain by a komodo dragon

Levels and vault maps discovered:
D:1:      psy_arrival_statuary, layout_loops_ring
D:2:      layout_basic, grunt_ministairs_14, minmay_misc_feat_ornament
D:3:      layout_loops_cross, serial_bayou, serial_bayou_shore_b,
          serial_bayou_shore_a, serial_bayou_shore_b, serial_bayou_shore_b,
          first_ration, uniq_jessica, uniq_sigmund
D:4:      layout_loops_cross, minmay_misc_feat_hallway
D:5:      kennysheep_big_flooded_room, layout_rooms, serial_shops,
          nicolae_shop_behind_doors
D:6:      layout_cave_pods, grunt_temple_overflow_growth_and_decay, minitemple,
          kennysheep_little_box, minmay_temple_entry_junction_2, st_stairs_12
D:7:      layout_cave_pools, serial_shops, nicolae_shop_waterfront,
          nicolae_shop_waterfront
D:8:      layout_gridville, overflow_temple_1_default, david_lair_shrubbed,
          basic_altar, serial_shops, shop, uniq_gastronok
Temple:   jpeg_temple_clearing

Skill      XL: |  1  2  3  4  5  6  7  8  9 |
---------------+----------------------------+-----
Stealth        | 2 |  2.0
Dodging        | 2 3 4 |  4.8
Conjurations   | 2 3 4 6 |  6.4
Shields        | 1 2 3 4 |  4.1
Fighting       | 1 2 3 4 5 |  5.3
Fire Magic     | 1 2 3 |  3.0
Air Magic      | 1 2 3 |  3.0
Poison Magic   | 1 |  1.1
Spellcasting   | 4 5 |  5.2
Summonings     | |  1.0
Translocations | |  1.0

Action                   |  1- 3 |  4- 6 |  7- 9 || total
-------------------------+-------+-------+-------++-------
Melee: Unarmed           |    25 |       |       ||    25
       Dagger            |    49 |    30 |       ||    79
       Tailslap          |     9 |     4 |    11 ||    24
       Trident           |       |    42 |   161 ||   203
       War axe           |       |       |    50 ||    50
Throw: Javelin           |       |     5 |     5 ||    10
       Stone             |       |     1 |       ||     1
 Cast: Magic Dart        |    77 |    61 |   156 ||   294
       Mephitic Cloud    |       |     2 |    10 ||    12
       Conjure Flame     |       |     2 |    14 ||    16
 Abil: Breathe Steam     |       |       |     2 ||     2
Evoke: Wand              |       |     1 |       ||     1
  Use: Scroll            |       |     5 |    14 ||    19
 Stab: Sleeping          |     1 |       |     1 ||     2
       Confused          |       |     1 |     1 ||     2
  Eat: Chunk             |     5 |     5 |    13 ||    23
       Ration            |       |       |     2 ||     2
Armor: Skin              |    25 |    21 |    78 ||   124
Dodge: Dodged            |    37 |    54 |   142 ||   233
Block: Buckler           |       |     3 |    56 ||    59

Table legend:
 A = Non-vault XP
 B = Vault XP
 C = Vault XP percentage of total XP
 D = Non-vault monster count
 E = Vault monster count
 F = Vault count percentage of total count
                 A         B        C        D         E       F
            +---------+---------+-------+---------+---------+-------
      Total |    3159 |     286 |   8.3 |     141 |       7 |   4.7
            +---------+---------+-------+---------+---------+-------
        D:1 |      38 |       0 |   0.0 |      17 |       0 |   0.0
        D:2 |      58 |       4 |   6.5 |      17 |       2 |  10.5
        D:3 |     176 |     245 |  58.2 |      24 |       2 |   7.7
        D:4 |     449 |       0 |   0.0 |      16 |       0 |   0.0
        D:5 |     262 |      22 |   7.7 |      20 |       2 |   9.1
        D:6 |     508 |      15 |   2.9 |      15 |       1 |   6.2
        D:7 |    1001 |       0 |   0.0 |      12 |       0 |   0.0
        D:8 |     667 |       0 |   0.0 |      20 |       0 |   0.0
            +---------+---------+-------+---------+---------+-------
